General information
- name: BNet
- type: Ladder team game (AT/RT)
- host: Battle.net
- saver: ForestBaron
map: FullScaleAssault
- players: 8
- length: 87:39
- speed: Fast
- version: 1.26 W3XP
- replay type: Public
» download(416 KB)
Players
team 1 (loser)
pokesm0t (
yellow | 54 APM | 1961 actions | 36:32)
7 Archmage
3 Brilliance Aura
2 Summon Water Elemental
2 Blizzard
6 Blood Mage
3 Flame Strike
1 Banish
1 Siphon Mana
1 Summon Phoenix
» actions
| Basic commands | 85 | |
| Build / train | 176 | |
| Enter build submenu | 57 | |
| Enter hero's abilities submenu | 14 | |
| Right click | 857 | |
| Select / deselect | 662 | |
| Use ability | 110 | |
1961 total
» units
| Peasant | 34 | |
| Footman | 13 | |
| Rifleman | 38 | |
| Knight | 1 | |
| Priest | 18 | |
| Sorceress | 21 | |
| Spell Breaker | 4 | |
129 total
» upgrades
| Long Rifles | 3 | |
| Gunpowder | 4 | |
| Armor | 4 | |
| Animal War Training | 1 | |
| Priest Training | 2 | |
| Sorceress Training | 2 | |
| Control Magic | 2 | |
| Lumber Harvesting | 1 | |
19 total
» buildings
| Altar of Kings | 2 | |
| Farm | 34 | |
| Barracks | 4 | |
| Lumber Mill | 2 | |
| Arcane Vault | 4 | |
| Scout Tower | 12 | |
| Blacksmith | 2 | |
| Keep | 2 | |
| Guard Tower | 4 | |
| Town Hall | 3 | |
| Castle | 1 | |
| Arcane Sanctum | 3 | |
73 total
» build order
00:07 Altar of Kings
00:10 Farm
00:19 Altar of Kings
00:21 Farm
01:03 Farm
01:11 Farm
01:22 Barracks
01:43 Lumber Mill
01:49 Farm
01:54 Barracks
01:57 Farm
02:07 Arcane Vault
02:12 Barracks
02:21 Arcane Vault
02:36 Farm
02:50 Barracks
02:53 Farm
03:16 Farm
03:31 Scout Tower
03:44 Farm
03:46 Scout Tower
03:47 Scout Tower
03:48 Scout Tower
03:49 Scout Tower
03:50 Scout Tower
03:57 Scout Tower
04:00 Scout Tower
04:02 Scout Tower
04:07 Farm
04:08 Farm
04:10 Farm
04:50 Blacksmith
04:54 Blacksmith
06:00 Keep
06:09 Lumber Mill
06:16 Guard Tower
06:55 Farm
06:57 Farm
06:58 Farm
06:59 Farm
07:00 Farm
07:38 Guard Tower
08:03 Town Hall
08:09 Scout Tower
08:13 Town Hall
08:18 Keep
08:22 Castle
08:57 Scout Tower
09:14 Guard Tower
09:20 Farm
09:22 Farm
09:23 Farm
09:23 Farm
09:24 Farm
09:59 Guard Tower
10:15 Arcane Sanctum
12:22 Arcane Vault
12:27 Arcane Vault
14:43 Arcane Sanctum
14:52 Arcane Sanctum
15:14 Scout Tower
18:04 Farm
18:05 Farm
18:06 Farm
18:06 Farm
21:25 Farm
21:27 Farm
21:29 Farm
21:30 Farm
21:31 Farm
21:32 Farm
21:33 Farm
34:08 Town Hall
» items
ForestBaron (
blue | 66 APM | 5796 actions | 87:39)
1 Archmage
1 Mass Teleport
10 Blood Mage
3 Flame Strike
3 Siphon Mana
1 Summon Phoenix
3 Banish
» actions
| Assign group hotkey | 65 | |
| Basic commands | 300 | |
| Build / train | 156 | |
| Enter build submenu | 47 | |
| Enter hero's abilities submenu | 15 | |
| Give item / drop item | 10 | |
| Remove unit from queue | 12 | |
| Right click | 2523 | |
| Select / deselect | 749 | |
| Select group hotkey | 1538 | |
| Use ability | 381 | |
5796 total
» units
| Peasant | 36 | |
| Footman | 5 | |
| Goblin Shredder | 1 | |
| Goblin Zeppelin | 3 | |
| Sorceress | 2 | |
| Gryphon Rider | 8 | |
| Blue Dragon | 5 | |
| Dragonhawk Rider | -3 | |
| Priest | 1 | |
58 total
» upgrades
| Sorceress Training | 1 | |
| Magic Sentry | 1 | |
| Storm Hammers | 1 | |
| Masonry | 2 | |
| Swords | 3 | |
| Armor | 3 | |
| Animal War Training | 1 | |
| Cloud | 1 | |
| Barrage | 1 | |
14 total
» buildings
| Altar of Kings | 1 | |
| Barracks | 1 | |
| Farm | 12 | |
| Keep | 1 | |
| Town Hall | 7 | |
| Lumber Mill | 1 | |
| Arcane Vault | 2 | |
| Scout Tower | 14 | |
| Arcane Sanctum | 1 | |
| Castle | 2 | |
| Guard Tower | 5 | |
| Gryphon Aviary | 4 | |
| Blacksmith | 3 | |
| Workshop | 2 | |
56 total
» build order
00:37 Altar of Kings
00:39 Barracks
00:50 Farm
01:05 Farm
01:07 Farm
01:58 Farm
03:50 Keep
04:07 Town Hall
04:21 Lumber Mill
04:50 Arcane Vault
06:02 Arcane Vault
06:10 Scout Tower
06:11 Scout Tower
06:11 Scout Tower
06:12 Scout Tower
06:13 Scout Tower
06:15 Scout Tower
06:29 Arcane Sanctum
06:52 Castle
07:14 Farm
08:03 Guard Tower
08:03 Guard Tower
09:05 Gryphon Aviary
09:05 Gryphon Aviary
09:06 Gryphon Aviary
09:06 Gryphon Aviary
10:03 Blacksmith
10:04 Blacksmith
10:08 Blacksmith
14:18 Scout Tower
14:19 Scout Tower
14:20 Scout Tower
14:20 Scout Tower
14:21 Scout Tower
14:21 Scout Tower
14:22 Scout Tower
15:22 Guard Tower
15:50 Farm
17:07 Guard Tower
17:23 Farm
18:10 Farm
18:11 Farm
18:11 Farm
25:58 Workshop
25:59 Workshop
28:29 Farm
28:31 Farm
29:42 Town Hall
34:16 Town Hall
38:30 Town Hall
49:04 Castle
53:58 Town Hall
58:54 Town Hall
63:53 Scout Tower
64:53 Guard Tower
65:13 Town Hall
» items
| Scroll of Regeneration | 10 | |
| Potion of Invisibility | 4 | |
| Periapt of Vitality | 1 | |
| Staff of Teleportation | 1 | |
| Potion of Healing | 10 | |
| Lesser Clarity Potion | 3 | |
| Scroll of Town Portal | 15 | |
| Potion of Mana | 1 | |
| Scroll of Healing | 2 | |
| Boots of Speed | 1 | |
48 total
ziggy1983 (
purple | 33 APM | 2883 actions | 87:39)
10 Archmage
3 Summon Water Elemental
3 Brilliance Aura
1 Mass Teleport
3 Blizzard
2 Mountain King
1 Storm Bolt
1 Bash
» actions
| Assign group hotkey | 10 | |
| Basic commands | 6 | |
| Build / train | 127 | |
| ESC pressed | 4 | |
| Enter build submenu | 31 | |
| Enter hero's abilities submenu | 15 | |
| Give item / drop item | 2 | |
| Remove unit from queue | 3 | |
| Right click | 1951 | |
| Select / deselect | 542 | |
| Select group hotkey | 3 | |
| Use ability | 189 | |
2883 total
» units
| Peasant | 25 | |
| Footman | 8 | |
| Gryphon Rider | 14 | |
| Blue Drake | 2 | |
| Blue Dragon Whelp | 2 | |
| Mortar Team | 3 | |
| Priest | 5 | |
| Knight | 5 | |
| Rifleman | 10 | |
74 total
» upgrades
| Lumber Harvesting | 2 | |
| Masonry | 2 | |
| Storm Hammers | 1 | |
| Swords | 2 | |
| Armor | 2 | |
| Priest Training | 2 | |
| Animal War Training | 1 | |
12 total
» buildings
| Barracks | 1 | |
| Farm | 16 | |
| Altar of Kings | 1 | |
| Lumber Mill | 1 | |
| Arcane Vault | 2 | |
| Keep | 1 | |
| Town Hall | 5 | |
| Scout Tower | 13 | |
| Guard Tower | 5 | |
| Castle | 1 | |
| Arcane Tower | 1 | |
| Gryphon Aviary | 2 | |
| Blacksmith | 1 | |
| Arcane Sanctum | 1 | |
| Workshop | 1 | |
52 total
» build order
00:21 Barracks
00:35 Farm
00:36 Farm
00:53 Altar of Kings
02:02 Lumber Mill
02:27 Farm
03:07 Farm
03:14 Arcane Vault
03:19 Arcane Vault
04:01 Keep
04:46 Town Hall
05:10 Scout Tower
05:12 Scout Tower
05:13 Scout Tower
05:49 Guard Tower
06:14 Guard Tower
06:25 Castle
06:44 Arcane Tower
07:15 Gryphon Aviary
07:40 Gryphon Aviary
07:47 Blacksmith
08:37 Farm
08:37 Farm
08:37 Farm
08:38 Farm
08:42 Farm
08:43 Farm
08:43 Farm
08:47 Farm
12:01 Farm
12:01 Farm
12:01 Farm
12:02 Farm
12:09 Arcane Sanctum
12:13 Workshop
16:26 Town Hall
19:24 Town Hall
20:14 Scout Tower
20:17 Scout Tower
20:18 Scout Tower
20:18 Scout Tower
20:19 Scout Tower
20:20 Scout Tower
20:24 Scout Tower
20:24 Scout Tower
21:38 Guard Tower
23:41 Guard Tower
29:11 Town Hall
34:35 Scout Tower
35:00 Guard Tower
35:11 Town Hall
37:29 Scout Tower
» items
| Scroll of Regeneration | 5 | |
| Lesser Clarity Potion | 1 | |
| Mechanical Critter | 1 | |
| Orb of Fire | 2 | |
| Scroll of Town Portal | 2 | |
| Potion of Healing | 3 | |
14 total
team 2 (winner)

»
Riceer (
green | 38 APM | 2450 actions | 65:13)
10 Mountain King
3 Storm Bolt
3 Bash
1 Avatar
3 Thunder Clap
6 Blood Mage
2 Siphon Mana
3 Flame Strike
1 Summon Phoenix
» actions
| Build / train | 190 | |
| Enter build submenu | 73 | |
| Enter hero's abilities submenu | 18 | |
| Give item / drop item | 10 | |
| Right click | 1278 | |
| Select / deselect | 675 | |
| Use ability | 206 | |
2450 total
» units
| Peasant | 49 | |
| Dragonhawk Rider | 13 | |
| Gryphon Rider | 41 | |
| Priest | 2 | |
| Mortar Team | 1 | |
| Goblin Zeppelin | 1 | |
107 total
» upgrades
| Masonry | 2 | |
| Lumber Harvesting | 2 | |
| Armor | 3 | |
| Swords | 3 | |
| Storm Hammers | 1 | |
| Cloud | 1 | |
| Priest Training | 1 | |
| Fragmentation Shards | 1 | |
| Flare | 1 | |
15 total
» buildings
| Altar of Kings | 2 | |
| Farm | 13 | |
| Lumber Mill | 2 | |
| Scout Tower | 30 | |
| Arcane Vault | 2 | |
| Arcane Tower | 2 | |
| Guard Tower | 25 | |
| Keep | 2 | |
| Blacksmith | 2 | |
| Town Hall | 8 | |
| Gryphon Aviary | 4 | |
| Castle | 1 | |
| Arcane Sanctum | 1 | |
| Workshop | 1 | |
95 total
» build order
00:24 Altar of Kings
00:40 Farm
01:37 Farm
01:49 Lumber Mill
02:09 Scout Tower
02:13 Scout Tower
02:19 Arcane Vault
02:47 Arcane Tower
02:52 Guard Tower
03:15 Keep
03:27 Farm
03:32 Farm
04:10 Farm
04:13 Blacksmith
04:20 Farm
05:11 Town Hall
05:21 Farm
05:40 Scout Tower
06:08 Scout Tower
06:13 Guard Tower
06:25 Farm
07:18 Gryphon Aviary
07:48 Gryphon Aviary
08:44 Castle
09:08 Scout Tower
09:09 Guard Tower
09:18 Farm
09:48 Guard Tower
09:49 Scout Tower
10:06 Farm
11:16 Farm
11:19 Guard Tower
11:22 Scout Tower
15:25 Guard Tower
15:27 Scout Tower
21:16 Town Hall
23:58 Town Hall
28:28 Arcane Sanctum
29:35 Workshop
36:51 Town Hall
37:15 Scout Tower
37:17 Scout Tower
37:18 Scout Tower
37:20 Scout Tower
38:04 Guard Tower
38:12 Guard Tower
38:13 Guard Tower
38:13 Guard Tower
38:24 Guard Tower
39:01 Town Hall
43:31 Keep
43:55 Town Hall
44:03 Scout Tower
44:06 Scout Tower
44:09 Scout Tower
44:13 Scout Tower
44:19 Scout Tower
44:35 Guard Tower
44:38 Guard Tower
44:39 Guard Tower
44:42 Scout Tower
44:44 Scout Tower
44:45 Arcane Tower
44:58 Guard Tower
45:11 Guard Tower
46:01 Scout Tower
46:54 Scout Tower
46:57 Gryphon Aviary
46:59 Gryphon Aviary
47:02 Scout Tower
47:04 Guard Tower
47:34 Guard Tower
47:36 Scout Tower
47:39 Scout Tower
48:00 Guard Tower
48:02 Scout Tower
48:05 Lumber Mill
48:07 Guard Tower
48:47 Guard Tower
50:53 Scout Tower
51:42 Guard Tower
54:17 Town Hall
56:26 Blacksmith
56:33 Farm
56:49 Farm
57:46 Guard Tower
57:50 Town Hall
59:02 Altar of Kings
59:19 Scout Tower
60:03 Arcane Vault
63:58 Scout Tower
64:24 Guard Tower
64:28 Scout Tower
64:31 Scout Tower
64:57 Guard Tower
» items
| Potion of Healing | 5 | |
| Potion of Mana | 2 | |
| Boots of Speed | 1 | |
| Scroll of Regeneration | 3 | |
| Periapt of Vitality | 1 | |
| Scroll of Healing | 1 | |
| Scroll of Town Portal | 4 | |
| Potion of Lesser Invulnerability | 1 | |
| Lesser Clarity Potion | 2 | |
20 total
TheLimitiS (
teal | 67 APM | 4360 actions | 65:24)
9 Paladin
3 Holy Light
2 Devotion Aura
3 Divine Shield
1 Resurrection
3 Blood Mage
2 Flame Strike
1 Siphon Mana
» actions
| Assign group hotkey | 47 | |
| Basic commands | 50 | |
| Build / train | 99 | |
| Enter build submenu | 44 | |
| Enter hero's abilities submenu | 13 | |
| Give item / drop item | 8 | |
| Remove unit from queue | 1 | |
| Right click | 2408 | |
| Select / deselect | 1285 | |
| Select group hotkey | 215 | |
| Use ability | 190 | |
4360 total
» units
| Peasant | 17 | |
| Footman | 7 | |
| Mur'gul Snarecaster | 1 | |
| Knight | 10 | |
| Priest | 4 | |
| Goblin Zeppelin | 1 | |
| Flying Machine | 6 | |
46 total
» upgrades
| Defend | 1 | |
| Swords | 3 | |
| Plating | 3 | |
| Masonry | 2 | |
| Lumber Harvesting | 2 | |
| Magic Sentry | 1 | |
| Animal War Training | 1 | |
| Priest Training | 2 | |
| Flak Cannons | 1 | |
16 total
» buildings
| Altar of Kings | 1 | |
| Farm | 16 | |
| Barracks | 3 | |
| Lumber Mill | 1 | |
| Scout Tower | 12 | |
| Arcane Tower | 2 | |
| Guard Tower | 2 | |
| Town Hall | 1 | |
| Blacksmith | 1 | |
| Keep | 1 | |
| Arcane Vault | 1 | |
| Castle | 1 | |
| Arcane Sanctum | 1 | |
| Workshop | 4 | |
47 total
» build order
00:05 Altar of Kings
00:10 Farm
00:21 Barracks
01:14 Lumber Mill
01:31 Farm
02:18 Farm
02:38 Scout Tower
03:07 Scout Tower
03:09 Arcane Tower
03:17 Farm
03:36 Guard Tower
04:21 Farm
05:05 Town Hall
05:25 Farm
06:41 Blacksmith
06:55 Scout Tower
06:57 Scout Tower
06:59 Scout Tower
07:01 Scout Tower
07:03 Scout Tower
07:53 Keep
08:59 Guard Tower
09:26 Arcane Vault
10:08 Barracks
10:10 Barracks
10:14 Farm
10:15 Farm
10:16 Farm
10:18 Farm
10:34 Castle
11:14 Arcane Sanctum
12:23 Scout Tower
12:26 Scout Tower
12:28 Scout Tower
12:31 Scout Tower
13:43 Scout Tower
16:46 Farm
16:48 Farm
16:49 Farm
16:50 Farm
16:51 Farm
16:51 Farm
28:08 Workshop
28:09 Workshop
28:11 Workshop
28:12 Workshop
60:02 Arcane Tower
» items
| Boots of Speed | 1 | |
| Lesser Clarity Potion | 3 | |
| Scroll of Regeneration | 5 | |
| Scroll of Town Portal | 3 | |
| Potion of Mana | 1 | |
| Staff of Teleportation | 1 | |
14 total
PBR (
orange | 0 APM | 1 actions | 87:39)
gsxr600 (
red | 77 APM | 3417 actions | 44:06)
6 Archmage
3 Summon Water Elemental
2 Brilliance Aura
1 Mass Teleport
6 Paladin
2 Holy Light
1 Divine Shield
2 Devotion Aura
1 Resurrection
5 Blood Mage
1 Banish
1 Siphon Mana
3 Flame Strike
» actions
| Assign group hotkey | 40 | |
| Basic commands | 8 | |
| Build / train | 183 | |
| Enter build submenu | 41 | |
| Enter hero's abilities submenu | 17 | |
| Give item / drop item | 1 | |
| Remove unit from queue | 12 | |
| Right click | 1543 | |
| Select / deselect | 937 | |
| Select group hotkey | 357 | |
| Use ability | 278 | |
3417 total
» units
| Peasant | 50 | |
| Mortar Team | 3 | |
| Flying Machine | 26 | |
| Goblin Shredder | 2 | |
| Siege Engine | 8 | |
89 total
» upgrades
| Gunpowder | 3 | |
| Flare | 1 | |
| Magic Sentry | 1 | |
| Sorceress Training | 1 | |
| Lumber Harvesting | 1 | |
| Masonry | 3 | |
| Flak Cannons | 1 | |
| Flying Machine Bombs | 2 | |
| Plating | 3 | |
| Barrage | 1 | |
17 total
» buildings
| Altar of Kings | 1 | |
| Farm | 11 | |
| Town Hall | 5 | |
| Keep | 2 | |
| Arcane Vault | 2 | |
| Lumber Mill | 1 | |
| Blacksmith | 1 | |
| Scout Tower | 23 | |
| Workshop | 4 | |
| Guard Tower | 12 | |
| Castle | 1 | |
| Arcane Sanctum | 3 | |
66 total
» build order
00:13 Altar of Kings
00:21 Farm
01:01 Farm
01:42 Farm
02:27 Farm
03:44 Town Hall
03:47 Keep
03:47 Keep
04:57 Arcane Vault
05:38 Farm
05:42 Lumber Mill
05:47 Blacksmith
06:18 Town Hall
06:24 Scout Tower
06:25 Scout Tower
06:57 Farm
07:12 Workshop
07:16 Workshop
07:22 Guard Tower
07:28 Guard Tower
07:29 Guard Tower
07:29 Guard Tower
07:29 Guard Tower
08:21 Workshop
08:26 Castle
08:36 Arcane Sanctum
09:48 Arcane Sanctum
09:49 Arcane Sanctum
10:03 Scout Tower
10:05 Scout Tower
10:06 Scout Tower
10:09 Scout Tower
10:10 Scout Tower
10:11 Scout Tower
11:50 Guard Tower
12:05 Scout Tower
12:07 Scout Tower
12:26 Guard Tower
13:11 Guard Tower
16:46 Town Hall
16:49 Scout Tower
16:50 Scout Tower
16:51 Scout Tower
16:52 Scout Tower
16:53 Scout Tower
16:55 Scout Tower
16:56 Scout Tower
18:20 Scout Tower
18:20 Scout Tower
18:21 Scout Tower
18:22 Scout Tower
18:26 Guard Tower
19:44 Guard Tower
19:47 Guard Tower
20:10 Workshop
20:32 Arcane Vault
20:34 Farm
20:36 Guard Tower
23:39 Town Hall
25:13 Town Hall
28:13 Farm
28:14 Farm
29:00 Farm
29:01 Farm
31:27 Scout Tower
» items
| Lesser Clarity Potion | 2 | |
| Mechanical Critter | 2 | |
| Circlet of Nobility | 1 | |
| Potion of Lesser Invulnerability | 1 | |
| Scroll of Town Portal | 8 | |
| Potion of Healing | 6 | |
| Orb of Fire | 3 | |
| Scroll of Regeneration | 3 | |
| Potion of Mana | 3 | |
29 total
Chat log
(00:08 / Allies) ziggy1983: air
(00:12 / Allies) pokesm0t: STAY
(00:16 / Allies) ziggy1983: lets rush
(00:20 / Allies) ForestBaron: I don't want to rush
(00:28 / Allies) ziggy1983: dont care
(00:32 / Allies) pokesm0t: no rush
(00:32 / Allies) ForestBaron: Well I'm not rushing
(00:40 / Allies) pokesm0t: i got pink
(00:41 / Allies) ziggy1983: fine have it yoru way
(00:48 / Allies) ziggy1983: i will go air
(01:10 / Allies) ziggy1983: pink baracks
(01:22 / All) ForestBaron: This account was 6-0 this is the third straight game I got a level 1 fag like that
(01:45 / All) ForestBaron: I left instantly the other two times
(07:20 / Allies) ziggy1983: 100 wodd?
(07:42 / Allies) ziggy1983: thx
(08:18 / Allies) ziggy1983: healign untis
(08:28 / Allies) ziggy1983: healing
(13:32 / All) Riceer: ur nbad purp
(15:33 / Allies) ForestBaron: hit top
(15:45 / Allies) ziggy1983: breing healing scrol;l4
(16:03 / Allies) ForestBaron: hit top
(16:22 / Allies) pokesm0t: tp
(16:34 / Allies) pokesm0t: nvm
(16:34 / Allies) ziggy1983: 200 gold quick
(16:48 / All) ForestBaron: wtf
(16:59 / All) ForestBaron: oh
(17:02 / All) ForestBaron: they kiolled that expo lawl
(18:24 / Allies) ziggy1983: help
(18:32 / Allies) ForestBaron: getting dhawks
(18:53 / Allies) pokesm0t: counter top now
(18:56 / Allies) ForestBaron: hit top
(19:04 / Allies) ziggy1983: 300 gold quick!!!
(19:11 / Allies) ziggy1983: please
(19:19 / Allies) pokesm0t: gold me
(19:47 / Allies) ziggy1983: yellow units
(20:34 / All) Riceer: i cant carry
(22:17 / All) Riceer: dont that put a spin on it
(23:25 / Allies) ForestBaron: fuycking shit head creeps fucking my dragon
(23:40 / All) Riceer: gg
(23:48 / Allies) ForestBaron: just b
(23:50 / Allies) ForestBaron: and rebuild
(24:37 / All) ForestBaron: I think teal has mh to be honest
(24:43 / All) TheLimitiS: lol
(25:18 / Allies) ForestBaron: meet
(25:35 / Allies) ForestBaron: I got green
(25:55 / Allies) ForestBaron: need tanbks
(25:58 / Allies) ziggy1983: yellow units
(26:36 / Allies) pokesm0t: tp to base they hit
(26:58 / Allies) ForestBaron: tp
(27:07 / Allies) ForestBaron: tp
(27:51 / Allies) pokesm0t: counter
(28:05 / Allies) ziggy1983: nice job!!!
(28:11 / Allies) pokesm0t: i got you bro
(28:20 / Allies) pokesm0t: dont control pink
(29:59 / Allies) ForestBaron: gold
(30:48 / Allies) pokesm0t: owned
(32:02 / Allies) pokesm0t: owned
(33:00 / Allies) pokesm0t: gold pink
(33:46 / Allies) ForestBaron: don't let em expand
(33:56 / Allies) pokesm0t: hit
(33:57 / Allies) pokesm0t: top
(33:58 / Allies) pokesm0t: all at once
(34:11 / Allies) pokesm0t: and guard expo
(34:25 / Allies) ziggy1983: 200 gold
(34:27 / Allies) ziggy1983: please
(34:33 / Allies) pokesm0t: they hittin bot
(34:53 / Allies) pokesm0t: b
(34:54 / Allies) pokesm0t: b
(34:54 / Allies) pokesm0t: b
(35:55 / Allies) pokesm0t: come heal
(36:07 / Allies) pokesm0t: only two
(36:08 / Allies) pokesm0t: :/
(36:14 / Allies) ForestBaron: attack teal
(41:38 / Allies) ForestBaron: take yellow
(43:55 / All) gsxr600: the one game i dont go mk this what happens LOL
(43:55 / Allies) ForestBaron: take yellow
(44:01 / All) gsxr600: gj
(44:48 / Allies) ziggy1983: gold anyolne?
(45:08 / Allies) ForestBaron: I got yellow's blood mage
(47:52 / Allies) ForestBaron: TAKE YELLOW
(47:54 / Allies) ForestBaron: TAKE YELLOW
(49:38 / All) ForestBaron: man
(49:42 / All) ForestBaron: I don't know what the fuck purple is doing
(49:53 / Allies) ziggy1983: i'm chilling
(49:59 / Allies) ForestBaron: DUDE
(50:01 / Allies) ForestBaron: this game is not won
(50:20 / Allies) ForestBaron: wtf man
(50:22 / Allies) ForestBaron: you're gonna lose your am
(50:38 / All) Riceer: feeding
(50:42 / Allies) ziggy1983: you are right that was a hot befd
(51:05 / Allies) ziggy1983: its won
(51:05 / Allies) ziggy1983: see
(51:09 / Allies) ziggy1983: you guys won it for ME LOL
(51:28 / All) ForestBaron: he thinks there's more than jsut me here
(51:40 / All) ForestBaron: he was chilling earlier I told him to take yhellow
(52:46 / Allies) ziggy1983: 400 gold for heero
(52:53 / All) ForestBaron: we have no fucking mks to counter your mk and pally
(53:00 / All) TheLimitiS: xD
(53:03 / Allies) ForestBaron: wake the fuck up bro
(53:13 / Allies) ziggy1983: sorry need 101 more gold
(53:18 / Allies) ziggy1983: level 10s expensive
(53:21 / Allies) ziggy1983: thx
(56:17 / Allies) ForestBaron: take the rifles
(59:48 / Allies) ziggy1983: gold for hero?
(59:53 / Allies) ziggy1983: 500
(60:01 / Allies) ForestBaron: I don't have gold
(60:04 / Allies) ziggy1983: k
(60:37 / All) ForestBaron: This was a very good game
(60:47 / All) ziggy1983: I'm out of everything
(63:30 / All) Riceer: gg
(63:34 / All) TheLimitiS: gg gg wp
(63:35 / All) TheLimitiS: was fun
(63:40 / All) TheLimitiS: gg dude, we gae it our best
(63:45 / All) ziggy1983: great game all
(63:56 / All) TheLimitiS: feeble lvl1 mk vs lvl10 mk of undying.
(64:05 / All) ziggy1983: i'm not a micro manager
(64:09 / All) ziggy1983: i'm just an expander
(64:55 / Allies) ziggy1983: green is towering
(65:11 / All) Riceer: FUCK
(65:22 / All) TheLimitiS: haha gg guys
(65:38 / All) ziggy1983: I'M SURPRISED THEY STUCK AROUND THIS LONG?
(67:28 / Allies) ziggy1983: noooooo
(67:35 / Allies) ziggy1983: THAT WAS MY LAST SOURCE OF CONTROL
(68:19 / Allies) ziggy1983: HAHAHAHA
(68:22 / Allies) ziggy1983: MY MK LIVES!
(70:46 / Allies) ziggy1983: BLUE ARE YOU LONELY PERSON?
(71:03 / Allies) ForestBaron: Are you asking if I want company?
(71:03 / Allies) ziggy1983: ITS OK
(71:13 / Allies) ziggy1983: NO
(71:16 / Allies) ziggy1983: I WOULDN'T DARE INFER THAT
(71:19 / Allies) ForestBaron: I do not dip my paintbrush into such colors
(71:23 / Allies) ziggy1983: A MAN OF YOUR STATURE
(71:33 / Allies) ForestBaron: I won't have sex with you not that I have anything against the homosexual community
(71:46 / Allies) ziggy1983: THATS OK, YOU ARE PAST PRIME ANYWAYS, I'M NOT INTERESTED
(71:52 / Allies) ziggy1983: SPECIALLY WITH COMMENTS LIKE THAT
(72:15 / Allies) ziggy1983: BORING
(74:51 / Allies) ziggy1983: END THE MISERY
(75:02 / Allies) ziggy1983: THIS IS WORSE THAN THE GAME OF THRONES ENDING
(75:32 / Allies) ziggy1983: DAMNIT
(75:37 / Allies) ziggy1983: DON'T KILL YELLOW!
(75:54 / Allies) ForestBaron: He cut down trees that rightfully belonged to me
(75:58 / Allies) ForestBaron: As did you, as did all others
(76:01 / Allies) ForestBaron: You are all criminals
(76:05 / Allies) ziggy1983: THIS DOESN'T MAKE ANY SENSE!
(76:12 / Allies) ForestBaron: And apostates of the law, the code of lumber gathering
(76:15 / Allies) ziggy1983: LOL
(76:19 / Allies) ziggy1983: FUCK YOU
(76:20 / Allies) ziggy1983: FUCK YOUR MOTHER
(76:30 / Allies) ziggy1983: DO I STILL WIN THE GAME IF I EXIT?
(76:33 / All) ForestBaron: I own all forests in the game of Warcraft
(76:34 / Allies) ziggy1983: LET ME CHECK BATTLE NET
(76:38 / All) ForestBaron: Nope
(76:39 / Allies) ziggy1983: YOU ARE BORING
(76:54 / Allies) ziggy1983: AHHH
(76:55 / All) ForestBaron: The law is sometimes rather boring
(77:00 / All) ForestBaron: But, the law is the law
(77:02 / All) ForestBaron: and you broke it
(77:26 / All) ForestBaron: The Code of Lumber Gathering, dry like a fact of history
(77:38 / Allies) ziggy1983: I CAN REPAY YOU!
(77:41 / Allies) ziggy1983: LOL
(77:42 / All) ForestBaron: But law the is the law and I intend to enforce it, especially since it pertains to my trees! My beloved trees!
(77:49 / Allies) ziggy1983: YOU ARE A BORING PERSON AGAIN
(77:59 / Allies) ziggy1983: I GUESS YOU ARE BEYOND REASON
(78:03 / Allies) ziggy1983: I'VE FIGURED THIS OUT
(78:12 / Allies) ziggy1983: HMMMM
(78:46 / Allies) ziggy1983: does your mother love you?
(78:52 / Allies) ForestBaron: I think so
(78:58 / Allies) ziggy1983: a good sign
(79:00 / Allies) ziggy1983: carry on then
(79:02 / Allies) ForestBaron: She tells me she does whenever I speak to her
(79:16 / Allies) ziggy1983: she probably does a little then...
(79:17 / Allies) ziggy1983: please
(79:19 / Allies) ziggy1983: carry one
(79:22 / Allies) ziggy1983: carry on*
(79:37 / Allies) ziggy1983: you missed a couple of buildings
(79:43 / Allies) ForestBaron: Did I?
(79:49 / Allies) ziggy1983: ummm
(79:50 / Allies) ziggy1983: yeah
(80:11 / Allies) ziggy1983: no that is your own town center
(80:20 / Allies) ziggy1983: the goal of the game is to kill the other teams
(80:26 / Allies) ForestBaron: Who says that?
(80:28 / Allies) ForestBaron: My enemies say that
(80:40 / Allies) ForestBaron: Are you my enemy? You must be, you cut down the trees that are mine by rights
(80:41 / Allies) ziggy1983: ummm no i'm on your team which makes me an ally
(80:48 / Allies) ziggy1983: man
(80:52 / Allies) ziggy1983: this is torture
(80:54 / Allies) ForestBaron: According to the Lumber Gathering Code written by the Lumber Gathering Council
(81:03 / Allies) ziggy1983: blah blah blah
(81:07 / Allies) ForestBaron: Of which I am chief chairman (I wrote the code, baron's privilege)
(81:16 / Allies) ziggy1983: yes you are gay
(81:18 / Allies) ziggy1983: i got that
(81:30 / Allies) ForestBaron: Sorry, I know you keep coming onto me
(81:40 / Allies) ForestBaron: But I'm not one of those strange men
(81:43 / Allies) ForestBaron: I'm straight
(81:47 / Allies) ForestBaron: I'm in love with a woman
(81:53 / Allies) ForestBaron: Emma Watson, the darling of eyes
(81:57 / Allies) ziggy1983: this is more queer than if you were gay
(82:03 / Allies) ForestBaron: If only she could know me, I'm sure she'd let me have sex with her
(82:09 / Allies) ziggy1983: Yes so clever
(82:15 / All) ziggy1983: so hilarious
(82:20 / Allies) ForestBaron: Thank you, I do try
(82:26 / All) ziggy1983: just don't major in art history
(82:36 / All) ForestBaron: I moonlight at the chucklefuck every saturday
(83:03 / All) ziggy1983: I'm sure, and you sit at a table by yourself wishing, "friends", "friends"
(83:23 / All) ForestBaron: A baron doesn't need friends especially if they have trees
(83:27 / All) ForestBaron: Lots and lots of trees
(83:39 / All) ForestBaron: And don't you cut any of them down, in fact don't you even linger in my forests
(83:42 / All) ziggy1983: yes, does your mother know it is past your bed time?
(83:42 / All) ForestBaron: that's against the law too, you know
(83:46 / All) ForestBaron: I wrote the law, I ought to know
(87:24 / All) ForestBaron: Well
(87:27 / All) ForestBaron: Good luck to you